 Dungeon Crawl Stone Soup version 0.23.0 (webtiles) character file.

Game seed: 17596580417128317174

170 Majang the Ruffian (level 5, -2/50 HPs)
             Began as a Naga Fighter on Feb 8, 2019.
             Slain by a wyvern zombie (5 damage)
             ... on level 4 of the Dungeon.
             The game lasted 00:16:00 (2709 turns).

Majang the Ruffian (Naga Fighter)                   Turns: 2709, Time: 00:16:01

Health: -2/50      AC:  6    Str: 14    XL:     5   Next: 50%
Magic:  5/5        EV:  5    Int:  9    God:
Gold:   182        SH:  8    Dex: 11    Spells: 4/4 levels left

rFire    . . .     SeeInvis +     - Unarmed
rCold    . . .     Gourm    .   b - +0 shield
rNeg     . . .     Faith    .   e - +0 ring mail
rPois    +         Spirit   .   m - +2 hat
rElec    .         Reflect  .   (no cloak)
rCorr    .         Harm     .   (no gloves)
MR       .....                  (no barding)
Stlth    +.........             (no amulet)
HPRegen  0.16/turn              o - -4 ring of strength (curse)
MPRegen  0.09/turn              (no ring)

@: very slow
A: large, see invisible, deformed body, poison resistance, slowness 2, slow
metabolism 1, spit poison 1, AC +1
a: Spit Poison


You were on level 4 of the Dungeon.
You were not hungry.

You visited 1 branch of the dungeon, and saw 4 of its levels.

You collected 182 gold pieces.

Inventory:

Missiles
 j - 31 arrows
 n - 11 tomahawks (quivered)
 r - a throwing net
Armour
 a - a +0 scale mail
 b - a +0 shield (worn)
 e - a +0 ring mail (worn)
 l - a +0 chain mail
 m - a +2 hat (worn)
Jewellery
 o - a cursed -4 ring of strength (left hand)
Wands
 p - a wand of flame (13)
 q - a wand of polymorph (9)
Scrolls
 g - 2 scrolls of amnesia
 i - 2 scrolls of identify
Potions
 c - a potion of might
 f - a potion of agility
 k - a potion of degeneration {unknown}
Comestibles
 d - 6 rations
 h - 3 chunks of flesh


   Skills:
 + Level 4.2 Fighting
 - Level 2.4 Armour
 - Level 2.4 Shields
 * Level 4.6 Unarmed Combat


You had 4 spell levels left.
You didn't know any spells.
Your spell library was empty.

Dungeon Overview and Level Annotations

Branches:
Dungeon (4/15)
 Temple: D:4-7

Altars:
Ashenzari
Wu Jian

Annotations:
D:3 2 transporters, Bitard's ghost, weakling HOFi


Innate Abilities, Weirdness & Mutations

You cannot wear boots.
Your serpentine skin is tough. (AC +1)
You have supernaturally acute eyesight. (SInv)
Armour fits poorly on your strangely shaped body.
Your system is resistant to poisons. (rPois)
You cover ground very slowly.
You have a slow metabolism.
You can spit poison.


Message History

The wyvern zombie is moderately damaged.
The wyvern zombie completely misses you.
You hit the wyvern zombie.
The wyvern zombie is heavily damaged.
The wyvern zombie bites you but does no damage.
The wyvern zombie bites you.
You hit the wyvern zombie.
The wyvern zombie is heavily damaged.
The wyvern zombie completely misses you.
You hit the wyvern zombie but do no damage.
The wyvern zombie is heavily damaged.
You block the wyvern zombie's attack.
You hit the wyvern zombie.
The wyvern zombie is severely damaged.
The wyvern zombie bites you!
* * * LOW HITPOINT WARNING * * *
The wyvern zombie bites you!
* * * LOW HITPOINT WARNING * * *
The wyvern zombie bites you.
You die...

♣≈≈≈≈P≈.≈(. ##
≈.≈≈≈≈ ≈≈≈. #.
≈≈l≈≈≈≈♣≈.P
.##.P≈≈.≈≈
≈≈.P.
....♣≈≈≈≈≈P≈≈..
#...P#.♣.)P..#
#...#......#
#...#Z# #...@.#
#...### #...
#... .....
####.. ##. ##


You could see a wyvern zombie.

Vanquished Creatures
  An iguana (D:3)
  A gnoll (D:4)
  5 adders
  3 worms
  A dart slug (D:1)
  3 leopard geckos (D:1)
  2 orcs (D:3)
  10 bats
  3 giant cockroaches (D:1)
  7 goblins
  7 hobgoblins
  9 jackals
  5 kobolds
  A quokka (D:3)
  A ball python (D:3)
  4 frilled lizards
  12 rats
75 creatures vanquished.

Notes
Turn   | Place    | Note
-------+----------+-------------------------------------------
     0 | D:1      | Majang the Naga Fighter began the quest for the Orb.
     0 | D:1      | Reached XP level 1. HP: 21/21 MP: 1/1
    80 | D:1      | Reached XP level 2. HP: 28/28 MP: 2/2
   382 | D:1      | Reached XP level 3. HP: 34/34 MP: 3/3
  1193 | D:2      | Reached XP level 4. HP: 39/44 MP: 4/4
  1770 | D:3      | Noticed a phantom
  1771 | D:3      | Noticed Bitard's ghost (weakling HOFi)
  1772 | D:3      | Found a transporter.
  1799 | D:3      | Found a transporter.
  2126 | D:3      | Reached XP level 5. HP: 50/50 MP: 5/5
  2290 | D:3      | Found a shattered altar of Ashenzari.
  2290 | D:3      | Found an ornate altar of the Wu Jian Council.
  2709 | D:4      | Slain by a wyvern zombie

Skill      XL: |  1  2  3  4 |
---------------+-------------+-----
Unarmed Combat | 3 4 |  4.6
Fighting       | 4 |  4.2
Armour         | |  2.4
Shields        | |  2.4

Action                   |  1- 3 |  4- 6 || total
-------------------------+-------+-------++-------
Melee: Unarmed           |   106 |    91 ||   197
 Abil: Spit Poison       |    34 |    36 ||    70
Evoke: Wand              |       |     5 ||     5
  Use: Scroll            |       |     8 ||     8
  Eat: Chunk             |     2 |     7 ||     9
Armor: Scale mail        |    42 |    10 ||    52
       Ring mail         |       |    28 ||    28
Dodge: Dodged            |    21 |    30 ||    51
Block: Shield            |    40 |    49 ||    89
